 Dungeon Crawl Stone Soup version 0.31.0-11-ge490571c62 (webtiles) character file.

Game seed: 770052354165799819

739 Strat the Trooper (level 7, -7/62 HPs)
             Began as an Armataur Conjurer on Jan 28, 2024.
             Mangled by an ogre
             ... wielding a +0 giant club
              (30 damage)
             ... on level 5 of the Dungeon.
             The game lasted 00:11:40 (5127 turns).

Strat the Trooper (Armataur Conjurer)               Turns: 5127, Time: 00:11:40

Health: -7/62      AC: 10    Str: 15    XL:     7   Next: 46%
Magic:  9/9        EV:  7    Int: 18    God:
Gold:   324        SH:  0    Dex:  8    Spells: 7/9 levels left

rFire   . . .        a - +1 hand axe (freeze)
rCold   . . .        (no shield)
rNeg    + . .        m - +0 scale mail
rPois   .            x - +1 helmet
rElec   .            o - +0 cloak
rCorr   .            (no gloves)
SInv    .            (no barding)
Will    .....        (no amulet) Stlth
                     n - ring of positive energy
HPRegen 1.60/turn    (no ring)
MPRegen 0.77/turn

%: roll
@: no status effects
A: large, deformed body, tough skin 3, armoured tail, roll 2
a: no special abilities


You were on level 5 of the Dungeon.
You visited 1 branch of the dungeon, and saw 5 of its levels.

You collected 324 gold pieces.

Inventory:

Hand Weapons
 a - a +1 hand axe of freezing (weapon)
 b - a +0 flail
 h - a +0 short sword
 p - a +0 sling
Missiles
 d - 3 atropa-tipped darts
 k - 3 curare-tipped darts (quivered)
 q - a throwing net
 t - 2 datura-tipped darts
 w - 4 poisoned darts
Armour
 m - a +0 scale mail (worn)
 o - a +0 cloak (worn)
 x - a +1 helmet (worn)
Jewellery
 n - a ring of positive energy (left hand)
Scrolls
 f - a scroll of amnesia
 g - 2 scrolls of fear
 i - a scroll of teleportation
 l - a scroll of noise
 r - 2 scrolls of identify
 s - a scroll of blinking
Potions
 c - a potion of magic
 e - a potion of curing
 j - 2 potions of ambrosia
 z - a potion of might


   Skills:
 - Level 5.9 Fighting
 + Level 1.9 Maces & Flails
 - Level 5.0 Armour
 - Level 1.3 Dodging
 - Level 2.1 Stealth
 - Level 1.7 Spellcasting
 - Level 3.6 Conjurations


You had 7 spell levels left.
You knew the following spells:

 Your Spells              Type           Power      Damage    Failure   Level
b - Blink                 Tloc           2%         N/A       69%         2

Your spell library contained the following spells:

 Spells                   Type           Power      Damage    Failure   Level
 Magic Dart               Conj           56%        1d5       16%         1
 Searing Ray              Conj           28%        2d5       22%         2
 Foxfire                  Conj/Fire      32%        2x1d5     32%         1
 Momentum Strike          Conj/Tloc      16%        3d8       43%         2
 Sandblast                Erth           2%         2d4       54%         1
 Stone Arrow              Conj/Erth      16%        3d8       67%         3
 Call Imp                 Summ           2%         N/A       69%         2
 Lesser Beckoning         Tloc           2%         N/A       69%         2
 Passwall                 Erth           1%         N/A       89%         3
 Brom's Barrelling Bould  Conj/Erth      8%         2d3       97%         4
 Fulminant Prism          Conj/Alch      4%         3d5       97%         4
 Iskenderun's Mystic Bla  Conj/Tloc      8%         2d4       97%         4
 Summon Blazeheart Golem  Fire/Summ      1%         N/A       100%        4
 Plasma Beam              Fire/Air       0%         2x1d10    100%        6
 Starburst                Conj/Fire      4%         6d3       100%        6
 Orb of Destruction       Conj           7%         9d6       100%        7
 Spellforged Servitor     Conj/Summ      4%         N/A       100%        7


Dungeon Overview and Level Annotations

Branches:
Dungeon (5/15)
 Temple: D:4-7

Altars:

Annotations:
D:4 1 runed translucent door, Crazy Yiuf, Menkaure


Innate Abilities, Weirdness & Mutations

Armour fits poorly on your strangely shaped body.
You have extremely tough skin. (AC +3)
You have a long armoured tail.
You regenerate magic and health when rolling toward enemies. (Rampage Regen)


Message History

You open the door.
There is an open door here.
There is a shaft here.
A dart slug comes into view.
You roll towards the dart slug!
You roll towards the dart slug!
You hit the dart slug but do no damage. You tail-slap the dart slug.
The dart slug is severely wounded.
The dart slug launches a dart at you.
The slug dart hits you but does no damage.
You hit the dart slug. You freeze the dart slug.
You kill the dart slug!
No target in view!
No target in view!
You now have 324 gold pieces (gained 7).
You open the door.
An ogre comes into view. It is wielding a +0 giant club.
The ogre shouts!
You roll towards the ogre!
The ogre hits you with a +0 giant club!!
Ouch! That really hurt!
* * * LOW HITPOINT WARNING * * *
You are too injured to fight recklessly!
You are too injured to fight recklessly!
You are too injured to fight recklessly!
You are too injured to fight recklessly!
You barely miss the ogre. The ogre hits you but does no damage.
You hit the ogre. You freeze the ogre.
The ogre is lightly wounded.
You hit the ogre. You freeze the ogre.
The ogre is lightly wounded.
The ogre closely misses you.
You closely miss the ogre.
The ogre is lightly wounded.
The ogre hits you with a +0 giant club!
* * * LOW HITPOINT WARNING * * *
You hit the ogre. You freeze the ogre.
Your tail-slap misses the ogre.
The ogre is moderately wounded.
The ogre hits you with a +0 giant club!!
You die...

#####################
.....#.........#....#
.....#.........'@O..#
.....#.........#....#
.....#.........#....#
###..##..##.######.##
###'###..##.########
..#..^......†....#
..#..............#
..#..............#
..+..............#


You could see an ogre.

Vanquished Creatures
  2 black bears
  2 scorpions
  A howler monkey (D:5)
  2 hounds (D:5)
  A bombardier beetle (D:4)
  3 iguanas
  3 orc wizards
  3 gnolls (D:3)
  3 adders (D:2)
  2 ufetubi (D:5)
  3 ribbon worms
  2 dart slugs (D:5)
  8 orcs
  8 bats
  8 endoplasms
  2 giant cockroaches
  5 goblins
  8 hobgoblins
  A jackal (D:5)
  6 quokkas
  9 ball pythons
  3 frilled lizards
  6 kobolds
  6 rats
97 creatures vanquished.

Notes
Turn   | Place    | Note
-------+----------+-------------------------------------------
     0 | D:1      | Strat the Armataur Conjurer began the quest for the Orb.
     0 | D:1      | Reached XP level 1. HP: 14/14 MP: 3/3
   147 | D:1      | Reached skill level 1 in Fighting
   210 | D:1      | Reached XP level 2. HP: 23/23 MP: 4/4
   939 | D:2      | Reached XP level 3. HP: 19/30 MP: 5/5
   994 | D:2      | Learned a level 2 spell: Blink
  1143 | D:2      | Reached skill level 1 in Armour
  1672 | D:2      | Reached XP level 4. HP: 37/37 MP: 6/6
  1767 | D:3      | Identified the staff "Ysesm" {rPois rN+ Str-5 Int+3 SInv
                  | Necro}
  2520 | D:4      | Found a runed translucent door.
  2521 | D:4      | Noticed Crazy Yiuf
  2802 | D:4      | Noticed a scorpion
  2813 | D:4      | Killed a scorpion
  2814 | D:4      | Reached XP level 5. HP: 40/45 MP: 7/7
  2835 | D:4      | Noticed Menkaure
  3526 | D:4      | Reached XP level 6. HP: 19/52 MP: 8/8
  3781 | D:4      | Reached skill level 5 in Armour
  4081 | D:5      | Entered Level 5 of the Dungeon
  4304 | D:4      | Reached skill level 5 in Fighting
  4369 | D:5      | Gained mutation: You regenerate magic and health when
                  | rolling toward enemies. (Rampage Regen) [Armataur growth]
  4369 | D:5      | Reached XP level 7. HP: 48/61 MP: 9/9
  4578 | D:5      | Reached skill level 1 in Maces & Flails
  5127 | D:5      | Mangled by an ogre

Illustrated notes

Levels and vault maps discovered:
D:1:      eino_arrival_tree_alley, layout_basic
D:2:      layout_basic
D:3:      layout_rooms, minmay_vboxes
D:4:      layout_loops_ring, grunt_decor_one_mirror, uniq_crazy_yiuf_cottage,
          uniq_menkaure
D:5:      layout_gridville

Skill      XL: |  1  2  3  4  5  6  7 |
---------------+----------------------+-----
Fighting       | 1 2 3 5 |  5.9
Armour         | 2 3 4 5 |  5.0
Maces & Flails | 1 |  1.9
Dodging        | |  1.3
Stealth        | |  2.1
Spellcasting   | |  1.7
Conjurations   | |  3.6

Action                     |  1- 3 |  4- 6 |  7- 9 || total
---------------------------+-------+-------+-------++-------
  Melee: Tailslap          |     7 |    20 |     8 ||    35
         Unarmed           |     2 |       |       ||     2
         Short sword       |     1 |       |       ||     1
         Hand axe          |    68 |   184 |    84 ||   336
         Punch             |       |     2 |       ||     2
   Fire: Sling             |   100 |     3 |       ||   103
    Use: Scroll            |       |    13 |       ||    13
         Potion            |       |     1 |       ||     1
 Armour: Robe              |    20 |       |       ||    20
         Ring mail         |    67 |    49 |       ||   116
         Chain mail        |    10 |       |       ||    10
         Scale mail        |       |   185 |   122 ||   307
  Dodge: Dodged            |    69 |    63 |    46 ||   178
